[Event "Titled Tuesday Blitz April 12 Late 2022"]
[White "Wagner, Dennis"]
[Black "Baches Garcia, Guillermo"]
[WhiteFideId "24650684"]
[BlackFideId "2209764"]
[WhiteElo "2697"]
[BlackElo "2517"]
[Result "1-0"]
[Round "04"]
[TimeControl "180+1"]
[Date "2022.04.13"]
[WhiteClock "0:01:47"]
[BlackClock "0:00:01"]

1. d4 Nf6 2. Nf3 e6 3. c4 d5 4. g3 Be7 5. Bg2 O-O 6. O-O dxc4 7. Na3 Bd7 8. Nxc4 Bc6 9. b3 Nbd7 10. Bb2 a5 11. a3 Nb6 12. Nce5 Bd5 13. Rc1 a4 14. b4 Bb3 15. Qd3 c6 16. e4 Nbd7 17. Nc4 Bxc4 18. Rxc4 Nb6 19. Rc2 Nc8 20. Rd1 Na7 21. h4 Nb5 22. Bh3 h6 23. Ne5 Nd7 24. Nxd7 Qxd7 25. d5 Rad8 26. Qf3 f5 27. d6 Bxd6 28. e5 Qe7 29. exd6 Rxd6 30. Rxd6 Nxd6 31. Bf1 Ne4 32. Bd3 Nf6 33. Re2 1-0


[Site "https://www.chess.com"]

[Event "Titled Tuesday Blitz April 12 Late 2022"]
[White "Wang, Jalen"]
[Black "Zherebtsova, Alexandra"]
[WhiteFideId "2078058"]
[BlackFideId "24129518"]
[WhiteElo "2084"]
[BlackElo "2025"]
[Result "1-0"]
[Round "04"]
[TimeControl "180+1"]
[Date "2022.04.13"]
[WhiteClock "0:01:22"]
[BlackClock "0:00:03"]

1. d4 d5 2. Bf4 Nf6 3. e3 c5 4. c3 Nc6 5. Nd2 Qb6 6. Qb3 c4 7. Qc2 g6 8. e4 Nxe4 9. Nxe4 dxe4 10. Bxc4 Bg7 11. Ne2 O-O 12. O-O e5 13. dxe5 Nxe5 14. Bb3 Nd3 15. Be3 Qa6 16. Ng3 Re8 17. Rad1 Be6 18. Nxe4 Bxb3 19. axb3 Rxe4 20. Qxd3 Qxd3 21. Rxd3 Re7 22. Rfd1 h5 23. Rd7 Rae8 24. Kf1 a6 25. Bc5 Re2 26. R7d2 Rxd2 27. Rxd2 Rc8 28. Be3 Rc7 29. Rd8+ Kh7 30. Ke2 Re7 31. Kd3 Bf6 32. Rd6 Kg7 33. Bd4 Bxd4 34. Rxd4 Rc7 35. Re4 Kf6 36. Re2 Kf5 37. Kd4 Kf4 38. b4 h4 39. h3 g5 40. Kd5 f5 41. Kd6 Rc6+ 42. Kd5 Rc7 43. Kd6 Rc6+ 44. Kd7 g4 45. Rd2 gxh3 46. gxh3 Kf3 47. Rd4 Kxf2 48. Rxh4 Kg3 49. Rh5 f4 50. Rf5 f3 51. h4 f2 52. h5 Kg2 53. Rg5+ 1-0


[Site "https://www.chess.com"]

[Event "Titled Tuesday Blitz April 12 Late 2022"]
[White "Ward, Ieuan C"]
[Black "Pourkashiyan, Atousa"]
[WhiteFideId "406627"]
[BlackFideId "12502014"]
[WhiteElo "2276"]
[BlackElo "2247"]
[Result "1-0"]
[Round "04"]
[TimeControl "180+1"]
[Date "2022.04.13"]
[WhiteClock "0:00:48"]
[BlackClock "0:00:22"]

1. d4 Nf6 2. c4 e6 3. Nf3 d5 4. Nc3 Nbd7 5. Bg5 Be7 6. e3 O-O 7. Rc1 a6 8. cxd5 exd5 9. Bd3 c6 10. O-O Re8 11. a3 Nf8 12. Ne5 N6d7 13. Bxe7 Qxe7 14. Nf3 Ng6 15. Qc2 Nf6 16. Rfe1 Bg4 17. Nd2 Nh4 18. h3 Bd7 19. e4 dxe4 20. Ndxe4 Nxe4 21. Nxe4 Kh8 22. Qd2 Bxh3 23. Ng5 Qf6 24. Nxh3 Qxd4 25. Qf4 Qxd3 26. Qxh4 Qd2 27. Rxe8+ Rxe8 28. Rf1 h6 29. Qb4 b5 30. Qxd2 1-0


[Site "https://www.chess.com"]

[Event "Titled Tuesday Blitz April 12 Late 2022"]
[White "Winkels, Marcel"]
[Black "Gatterer, Florian"]
[WhiteFideId "1003887"]
[BlackFideId "811688"]
[WhiteElo "1900"]
[BlackElo "2218"]
[Result "0-1"]
[Round "04"]
[TimeControl "180+1"]
[Date "2022.04.13"]
[WhiteClock "0:01:25"]
[BlackClock "0:01:35"]

1. e4 e5 2. Nf3 Nc6 3. Bc4 Bc5 4. c3 Nf6 5. d4 exd4 6. cxd4 Bb4+ 7. Nbd2 d5 8. exd5 Nxd5 9. O-O O-O 10. Ne4 Bg4 11. h3 Bxf3 12. Qxf3 Nxd4 13. Qg3 Nb6 14. Bh6 Nf5 15. Bg5 Nxg3 16. Bxd8 Raxd8 17. fxg3 Nxc4 18. Rac1 Nd6 19. Ng5 Ba5 20. a3 Bb6+ 21. Kh2 Be3 0-1


[Site "https://www.chess.com"]

[Event "Titled Tuesday Blitz April 12 Late 2022"]
[White "Zakhartsov, Vladimir"]
[Black "Ronka, Erik"]
[WhiteFideId "4145097"]
[BlackFideId "505080"]
[WhiteElo "2491"]
[BlackElo "2264"]
[Result "1-0"]
[Round "04"]
[TimeControl "180+1"]
[Date "2022.04.13"]
[WhiteClock "0:00:08"]
[BlackClock "0:00:01"]

1. d4 d5 2. Nf3 c6 3. Bf4 Bf5 4. e3 e6 5. Bd3 Bxd3 6. Qxd3 Nf6 7. O-O Nbd7 8. Nbd2 Be7 9. e4 O-O 10. e5 Ne8 11. c4 dxc4 12. Nxc4 Nc7 13. h3 Nd5 14. Bh2 Rc8 15. Nd6 Bxd6 16. exd6 N7f6 17. Qa3 a6 18. Rfe1 Qb6 19. Rad1 Qb4 20. Qxb4 Nxb4 21. a3 Nbd5 22. Ne5 Rfd8 23. Nc4 Ne8 24. Rc1 Nef6 25. a4 Nd7 26. a5 Nb4 27. Rc3 Nd5 28. Rb3 Rb8 29. Bg3 Kf8 30. Bh4 Rdc8 31. Ne5 Nxe5 32. dxe5 Ke8 33. Re4 Kd7 34. Rf3 Rf8 35. Rg4 g6 36. Bg5 f5 37. exf6 Rf7 38. h4 b6 39. axb6 Rxb6 40. Ra4 Kxd6 41. b3 h6 42. Bxh6 Rxf6 43. Rd3 Rf7 44. Be3 Rb5 45. Rxa6 Rfb7 46. Ra3 Rb4 47. g3 Ke5 48. Bc5 R4b5 49. Bf8 Ke4 50. b4 Nxb4 51. Re3+ Kd5 52. Ra1 Nc2 53. Rd1+ Nd4 54. Bg7 c5 55. g4 Rb1 56. Rxb1 Rxb1+ 57. Kg2 Nc6 58. h5 gxh5 59. gxh5 Ne7 60. h6 Ng6 61. Rg3 Nf4+ 62. Kf3 Nh5 63. h7 Rb8 64. h8=Q 1-0


[Site "https://www.chess.com"]

[Event "Titled Tuesday Blitz April 12 Late 2022"]
[White "Zhigalko, Sergei"]
[Black "Fedoseev, Vladimir"]
[WhiteFideId "13502956"]
[BlackFideId "24130737"]
[WhiteElo "2662"]
[BlackElo "2726"]
[Result "1-0"]
[Round "04"]
[TimeControl "180+1"]
[Date "2022.04.12"]
[WhiteClock "0:00:04"]
[BlackClock "0:00:08"]

1. e4 g6 2. d4 Bg7 3. Nc3 d6 4. Nf3 a6 5. Be3 b5 6. a4 b4 7. Ne2 Bb7 8. Ng3 Nd7 9. Bd3 c5 10. c3 cxd4 11. cxd4 Ngf6 12. a5 h5 13. Qb3 h4 14. Ng5 e6 15. Ne2 Rb8 16. Nf4 Qe7 17. O-O e5 18. Bc4 Rf8 19. Bxf7+ Rxf7 20. Nxg6 d5 21. Nxe7 Rxe7 22. dxe5 Nxe5 23. f4 Nc4 24. e5 Ng4 25. Bc5 Bf8 26. Qd3 Rc8 27. Qg6+ Kd8 28. Bxb4 Rc6 29. Qg8 Ke8 30. Bxe7 Kxe7 31. Qf7+ Kd8 32. Qxf8+ Kc7 33. Rac1 Nge3 34. Qe7+ Kb8 35. Rfe1 Rc7 36. Qf8+ Rc8 37. Qb4 d4 38. b3 Nd5 39. Qxc4 Rxc4 40. Rxc4 Nxf4 41. e6 Bc6 42. Rxc6 Nxe6 43. Rcxe6 Kb7 1-0


[Site "https://www.chess.com"]

[Event "Titled Tuesday Blitz April 12 Late 2022"]
[White "Alekseenko, Kirill"]
[Black "Dubov, Daniil"]
[WhiteFideId "4135539"]
[BlackFideId "24126055"]
[WhiteElo "2682"]
[BlackElo "2791"]
[Result "1-0"]
[Round "05"]
[TimeControl "180+1"]
[Date "2022.04.12"]
[WhiteClock "0:00:20"]
[BlackClock "0:00:02"]

1. e4 c5 2. Nf3 e6 3. d4 cxd4 4. Nxd4 a6 5. Nc3 b5 6. Bd3 Bb7 7. O-O Nc6 8. Nxc6 Bxc6 9. Re1 Bd6 10. e5 Bc7 11. Be4 Ne7 12. Bxc6 Nxc6 13. Bf4 O-O 14. Qg4 Kh8 15. Qg3 Ba5 16. Rad1 Bxc3 17. Qxc3 Rc8 18. Qg3 Ne7 19. Bg5 Qe8 20. Bxe7 Qxe7 21. c3 b4 22. Rd6 bxc3 23. bxc3 Rc7 24. h4 Rfc8 25. Re3 Rc4 26. h5 h6 27. Red3 R8c7 28. Rxa6 Qc5 29. Rad6 Rxc3 30. Rxc3 Qxc3 31. Qxc3 Rxc3 32. Rxd7 Kg8 33. Ra7 Rc5 34. f4 Rc4 35. g3 Rc2 36. a4 Ra2 37. a5 f5 38. a6 Ra3 39. Kf2 Kh7 40. Ke2 Rxg3 41. Re7 Ra3 42. Rxe6 Rh3 43. a7 Ra3 44. Re7 Kg8 45. Re8+ Kh7 46. a8=Q 1-0


[Site "https://www.chess.com"]

[Event "Titled Tuesday Blitz April 12 Late 2022"]
[White "Andreikin, Dmitry"]
[Black "Rustemov, Alexander"]
[WhiteFideId "4158814"]
[BlackFideId "4119002"]
[WhiteElo "2736"]
[BlackElo "2797"]
[Result "1-0"]
[Round "05"]
[TimeControl "180+1"]
[Date "2022.04.12"]
[WhiteClock "0:00:17"]
[BlackClock "0:00:01"]

1. d4 d5 2. c4 dxc4 3. e3 Nf6 4. Bxc4 e6 5. Nf3 c5 6. O-O a6 7. Nbd2 cxd4 8. Nxd4 Bc5 9. N4b3 Be7 10. Be2 O-O 11. Nc4 Bd7 12. Bd2 Bb5 13. Nd4 Nc6 14. Nxc6 Bxc6 15. Ba5 Qxd1 16. Rfxd1 Bb5 17. a4 Bxc4 18. Bxc4 Rac8 19. Rac1 Bc5 20. b4 Be7 21. Kf1 Bd8 22. Be2 Bxa5 23. bxa5 Nd5 24. Bf3 g6 25. g3 Rfd8 26. h4 Kg7 27. Kg2 Kf6 28. h5 Ke7 29. Rxc8 Rxc8 30. Bxd5 exd5 31. Rxd5 Rc4 32. Rd4 Rc5 33. hxg6 hxg6 34. Rb4 Rxa5 35. Rxb7+ Ke6 36. Rb6+ Ke7 37. Rb4 Rc5 38. g4 g5 39. Kf3 f6 40. Ke4 Rc2 41. f4 gxf4 42. exf4 Rc5 43. Rb7+ Ke6 44. Rb6+ Ke7 45. Rxa6 Rc4+ 46. Kf5 Rc5+ 47. Kg6 Rc4 48. Rxf6 Rxa4 49. g5 1-0


[Site "https://www.chess.com"]

[Event "Titled Tuesday Blitz April 12 Late 2022"]
[White "Ansh M Shah"]
[Black "Barria Zuniga, Daniel"]
[WhiteFideId "25033379"]
[BlackFideId "3400816"]
[WhiteElo "1819"]
[BlackElo "2414"]
[Result "1-0"]
[Round "05"]
[TimeControl "180+1"]
[Date "2022.04.13"]
[WhiteClock "0:00:15"]
[BlackClock "0:00:13"]

1. d4 g6 2. c4 Bg7 3. h4 h5 4. Nc3 c5 5. d5 d6 6. e4 Nf6 7. Be2 O-O 8. Nf3 a6 9. a4 e6 10. Bf4 exd5 11. exd5 Re8 12. O-O Bg4 13. Re1 Nbd7 14. Bxd6 Qb6 15. Bg3 Qxb2 16. Qc1 Qxc1 17. Raxc1 Ne4 18. Nxe4 Rxe4 19. Bd3 Ree8 20. Rxe8+ Rxe8 21. a5 Bxf3 22. gxf3 Ne5 23. Be2 Kf8 24. Kf1 Ke7 25. Rb1 Nd7 26. Rxb7 Bc3 27. Bd1 Bxa5 28. Ba4 Rd8 29. Bc6 Bb4 30. Bc7 Rc8 31. Bxd7 Kxd7 32. Ba5+ Kd6 33. Bxb4 cxb4 34. Rxb4 a5 35. Ra4 Ra8 36. Ke2 Kc5 37. Kd3 Kb6 38. Kd4 Rc8 39. Ra2 Ka6 40. c5 Kb5 41. Rb2+ Ka4 42. c6 Ka3 43. Rb7 a4 44. Kc5 Ka2 45. d6 a3 46. d7 Ra8 47. c7 1-0


[Site "https://www.chess.com"]

[Event "Titled Tuesday Blitz April 12 Late 2022"]
[White "Artemiev, Vladislav"]
[Black "Pakleza, Zbigniew"]
[WhiteFideId "24101605"]
[BlackFideId "1119290"]
[WhiteElo "2811"]
[BlackElo "2467"]
[Result "1-0"]
[Round "05"]
[TimeControl "180+1"]
[Date "2022.04.12"]
[WhiteClock "0:00:05"]
[BlackClock "0:00:02"]

1. Nf3 d5 2. g3 Nf6 3. Bg2 Bf5 4. c4 c6 5. O-O e6 6. cxd5 cxd5 7. Qb3 Qb6 8. Qxb6 axb6 9. Nc3 Nc6 10. d3 Bc5 11. Bd2 Ke7 12. Rfc1 Rhc8 13. Nh4 Bg6 14. h3 Nd7 15. Kf1 Bd4 16. Nxg6+ hxg6 17. e3 Bxc3 18. Bxc3 d4 19. exd4 Nf6 20. d5 Nxd5 21. Bxd5 exd5 22. Bxg7 Nb4 23. Rxc8 Rxc8 24. Bc3 Nxd3 25. Rd1 Nc5 26. Rxd5 Na4 27. Bd4 Rc2 28. Rb5 Kd6 29. Rb4 b5 30. Rxb5 Kc6 31. Rb4 b5 32. b3 Nb2 33. a4 bxa4 34. bxa4 Nd3 35. Rb6+ Kd5 36. Be3 f5 37. Rxg6 Ra2 38. Rg8 Ke4 39. Rd8 Ra1+ 40. Ke2 Ra2+ 41. Bd2 Nc1+ 42. Kd1 Nb3 43. Be3 Kf3 44. Rd3 Ra1+ 45. Kc2 Na5 46. Bd4+ Ke4 47. Bxa1 1-0


[Site "https://www.chess.com"]

[Event "Titled Tuesday Blitz April 12 Late 2022"]
[White "Ashiev, Eduard"]
[Black "Migot, Tangi"]
[WhiteFideId "4130090"]
[BlackFideId "662445"]
[WhiteElo "2004"]
[BlackElo "2532"]
[Result "0-1"]
[Round "05"]
[TimeControl "180+1"]
[Date "2022.04.13"]
[WhiteClock "0:00:02"]
[BlackClock "0:00:13"]

1. d4 Nf6 2. Nf3 d5 3. c4 e6 4. Nc3 Bb4 5. Qa4+ Nc6 6. e3 O-O 7. Bd2 Bd7 8. Qc2 a5 9. Rd1 Be7 10. a3 a4 11. h3 dxc4 12. Bxc4 Na5 13. Bd3 Qe8 14. O-O b5 15. Ne4 Nxe4 16. Bxe4 Nc4 17. Bxa8 Qxa8 18. Ne5 Nxe5 19. dxe5 c5 20. e4 Bc6 21. f3 Qb8 22. f4 Qb7 23. Rfe1 Rd8 24. Bc3 Rxd1 25. Rxd1 Bxe4 26. Qd2 Bd5 27. f5 b4 28. axb4 cxb4 29. Bd4 h6 30. f6 Bf8 31. fxg7 Bxg7 32. Qf2 a3 33. bxa3 bxa3 34. Kh2 a2 35. Rf1 Be4 36. Qf4 Bg6 37. h4 Qd5 38. Kh3 Qb3+ 39. g3 Qd5 40. h5 Bxh5 41. Kh4 Bg6 42. Rc1 Qd8+ 43. Kh3 Kh7 44. Kg2 Qa8+ 45. Kh2 Qd5 46. Rf1 Qb3 47. Re1 Qc2+ 48. Kg1 Qf5 49. Qxf5 Bxf5 50. Ra1 Bb1 51. Kf2 Kg6 52. Ke3 Kf5 0-1


[Site "https://www.chess.com"]

[Event "Titled Tuesday Blitz April 12 Late 2022"]
[White "Bach, Matthias"]
[Black "Kanyamarala, Trisha"]
[WhiteFideId "4603168"]
[BlackFideId "45004722"]
[WhiteElo "2165"]
[BlackElo "2079"]
[Result "1-0"]
[Round "05"]
[TimeControl "180+1"]
[Date "2022.04.13"]
[WhiteClock "0:00:17"]
[BlackClock "0:00:08"]

1. d4 Nf6 2. c4 e6 3. Nc3 Bb4 4. Bg5 d6 5. e3 h6 6. Bh4 O-O 7. Bd3 c5 8. d5 exd5 9. cxd5 g5 10. Bg3 Nxd5 11. Ne2 Be6 12. O-O Nxc3 13. bxc3 Ba5 14. Bc2 d5 15. Qd3 f5 16. h4 Nc6 17. hxg5 hxg5 18. Rfd1 Bc7 19. Rab1 Rb8 20. Qb5 Bxg3 21. Nxg3 Qe7 22. Bb3 c4 23. Bc2 f4 24. Nf1 f3 25. Rxd5 Bxd5 26. Qxd5+ Kg7 27. Ng3 Qe5 28. Qxc4 fxg2 29. Qd3 Rh8 30. Qg6+ Kf8 31. Bb3 Qe7 32. Nf5 Qd7 33. Qf6+ Ke8 34. Qxh8# 1-0


[Site "https://www.chess.com"]

[Event "Titled Tuesday Blitz April 12 Late 2022"]
[White "Baches Garcia, Guillermo"]
[Black "Seo, Jung Min"]
[WhiteFideId "2209764"]
[BlackFideId "1734687"]
[WhiteElo "2513"]
[BlackElo "2401"]
[Result "0-1"]
[Round "05"]
[TimeControl "180+1"]
[Date "2022.04.13"]
[WhiteClock "0:00:12"]
[BlackClock "0:01:53"]

1. e4 c5 2. Nf3 d6 3. d4 cxd4 4. Nxd4 Nf6 5. Nc3 a6 6. Bd3 e5 7. Nde2 Be6 8. f4 Qc7 9. a4 Nbd7 10. O-O Be7 11. Kh1 O-O 12. f5 Bc4 13. Ng3 Rfd8 14. Bg5 Rac8 15. Bxf6 Nxf6 16. Nh5 Bxd3 17. Nxf6+ Bxf6 18. Qxd3 Qb6 19. Nd5 Qxb2 20. Nxf6+ gxf6 21. Qg3+ Kf8 22. Rab1 Qxc2 23. Qh4 Kg7 24. Qg3+ Kh8 25. Qh4 Rg8 26. Qxf6+ Rg7 27. Rg1 Qxe4 28. h3 Qc6 29. Rb3 Kg8 30. Qh6 d5 31. f6 Rg6 0-1


[Site "https://www.chess.com"]

[Event "Titled Tuesday Blitz April 12 Late 2022"]
[White "Bas Mas, Jose Joaquin"]
[Black "Iskusnyh, Sergei"]
[WhiteFideId "22219064"]
[BlackFideId "4120027"]
[WhiteElo "2212"]
[BlackElo "2492"]
[Result "1-0"]
[Round "05"]
[TimeControl "180+1"]
[Date "2022.04.13"]
[WhiteClock "0:00:02"]
[BlackClock "0:00:04"]

1. e4 e6 2. Nf3 d5 3. e5 c5 4. b4 d4 5. Bb2 Nc6 6. b5 Nb4 7. a3 Nd5 8. c4 dxc3 9. dxc3 Nh6 10. c4 Qa5+ 11. Qd2 Qxd2+ 12. Nbxd2 Nb6 13. a4 a5 14. Be2 Be7 15. O-O O-O 16. Rfd1 Rd8 17. Bc3 Nf5 18. Nb3 Rxd1+ 19. Rxd1 Nxa4 20. Bxa5 b6 21. Be1 Nb2 22. Rb1 Na4 23. g4 Nh4 24. Nxh4 Bxh4 25. Bf3 Ra7 26. Ra1 h5 27. gxh5 Bg5 28. Ba5 bxa5 29. Rxa4 Bf4 30. Rxa5 Rxa5 31. Nxa5 Bxe5 32. b6 Kf8 33. b7 Bd7 34. Nb3 Ke7 35. Nxc5 Kd8 36. Na6 Ba4 37. b8=Q+ Bxb8 38. Nxb8 Kc7 39. Na6+ Kb6 40. Nb4 Kc5 41. Nd3+ Kd4 42. Nf4 Kxc4 43. Kg2 Kd4 44. Ne2+ Ke5 45. Kg3 f5 46. Nf4 Kf6 47. Ng6 e5 48. Bd5 Be8 49. h4 Bxg6 50. hxg6 Kxg6 51. Bc4 Kh5 52. Be2+ Kg6 53. Kf3 Kh5 54. Kg3+ Kg6 55. Kh3 Kf6 56. Kg2 e4 57. Kg3 Ke5 58. h5 f4+ 59. Kg4 f3 60. Bf1 Kd5 61. Kf4 Kd4 62. Kg5 e3 63. fxe3+ Kxe3 64. Kg6 Kf2 65. Bb5 Kg3 66. Kxg7 Kg4 67. h6 Kf5 68. h7 Kf4 69. h8=Q f2 70. Qh4+ Ke3 71. Qe7+ Kf4 72. Qf6+ Kg3 73. Kg6 Kh2 74. Kg5 f1=Q 75. Bxf1 Kg3 76. Qf4# 1-0


[Site "https://www.chess.com"]

[Event "Titled Tuesday Blitz April 12 Late 2022"]
[White "Begmuratov, Khumoyun"]
[Black "Pichot, Alan"]
[WhiteFideId "14210207"]
[BlackFideId "110973"]
[WhiteElo "1961"]
[BlackElo "2579"]
[Result "1/2-1/2"]
[Round "05"]
[TimeControl "180+1"]
[Date "2022.04.12"]
[WhiteClock "0:00:05"]
[BlackClock "0:00:16"]

1. e4 c5 2. Nf3 e6 3. d4 cxd4 4. Nxd4 Nc6 5. c4 Nf6 6. f3 d5 7. cxd5 exd5 8. Bb5 Bd7 9. exd5 Nxd5 10. O-O Be7 11. Nc3 Nxc3 12. bxc3 Nxd4 13. Bxd7+ Qxd7 14. cxd4 O-O 15. Be3 Rfd8 16. Qb3 Bf6 17. Rfd1 Qd5 18. Qxd5 Rxd5 19. Rac1 b6 20. Rc7 Ra5 21. Rd2 Rd8 22. Kf2 Ra3 23. d5 Be5 24. d6 f6 25. Rc6 Bxh2 26. f4 Bg1+ 27. Kxg1 Rxe3 28. Rc7 Re4 29. g3 a5 30. Rb7 h5 31. Kf2 Kh7 32. Kf3 Re6 33. Rxb6 Kg6 34. Rd5 Kh6 35. f5 Re1 36. Rxa5 Rf1+ 37. Kg2 Rd1 38. Raa6 Rd2+ 39. Kf3 Rd3+ 40. Kf4 Rc8 41. Rb4 Rc5 42. Ra8 Kh7 43. d7 Rcd5 44. Ra7 Kh6 45. Ra8 Kh7 46. Ra7 Rxd7 47. Rxd7 Rxd7 48. a4 Rd1 49. Rb6 Rf1+ 50. Ke4 Ra1 51. Ra6 Kh6 52. Kf4 Rf1+ 53. Ke4 Kg5 54. Ra7 Re1+ 55. Kf3 Kxf5 56. Rxg7 Ra1 57. Ra7 Ra3+ 58. Kg2 Kg4 59. Rg7+ Kf5 60. Ra7 Kg5 61. Kh3 h4 62. Rg7+ Kh6 63. Rg4 hxg3 64. Rxg3 Rxa4 65. Rf3 Kg5 66. Kg3 f5 67. Rb3 Rg4+ 68. Kf3 Ra4 69. Rb8 Ra3+ 70. Kf2 Kg4 71. Rb4+ f4 72. Rb2 Rh3 73. Kg2 Rg3+ 74. Kf2 Rc3 75. Kg2 Rh3 76. Rc2 Ra3 77. Rb2 Re3 78. Rc2 Rh3 79. Rb2 f3+ 80. Kg1 Kg3 81. Rg2+ Kf4 82. Rb2 Rg3+ 83. Kf1 Rg5 84. Rb4+ Kg3 85. Rb8 Rg4 86. Rc8 Rg7 87. Rd8 Re7 88. Rg8+ Kf4 89. Rf8+ Ke3 90. Rb8 Re4 91. Rb3+ Kf4 92. Rb8 Ra4 93. Rf8+ Ke3 94. Re8+ Re4 95. Rxe4+ Kxe4 96. Kf2 Kf4 97. Kf1 Ke3 98. Ke1 f2+ 99. Kf1 Kf3 1/2-1/2


[Site "https://www.chess.com"]

[Event "Titled Tuesday Blitz April 12 Late 2022"]
[White "Bernat, David"]
[Black "Adewumi, Tanitoluwa"]
[WhiteFideId "2099225"]
[BlackFideId "30966396"]
[WhiteElo "2296"]
[BlackElo "2521"]
[Result "0-1"]
[Round "05"]
[TimeControl "180+1"]
[Date "2022.04.13"]
[WhiteClock "0:00:15"]
[BlackClock "0:00:36"]

1. c4 e5 2. g3 Nf6 3. Bg2 c6 4. Nf3 Bd6 5. Nc3 O-O 6. O-O Bc7 7. d4 exd4 8. Nxd4 d6 9. Bg5 h6 10. Bf4 Nbd7 11. e4 Re8 12. Nf5 Ne5 13. Bxe5 dxe5 14. Qxd8 Rxd8 15. Ne7+ Kf8 16. Nxc8 Raxc8 17. Rad1 Bb6 18. Bh3 Ra8 19. b4 Bd4 20. Ne2 Nxe4 21. Nxd4 exd4 22. Rd3 Nc3 23. a3 Re8 24. Bg4 Rad8 25. Kg2 b6 26. c5 bxc5 27. bxc5 Re5 28. Rc1 Rxc5 29. Rc2 Ne4 30. Re2 Nf6 31. Bf3 a5 32. Red2 Rc4 33. Rb3 Rd7 34. Rb6 Nd5 35. Rb8+ Ke7 36. Ra8 a4 37. Bg4 Rd6 38. Ra7+ Kf6 39. Be2 Nb6 40. Ra6 d3 41. Rxd3 Rxd3 42. Bxd3 Rc3 43. Rxb6 Rxd3 44. Rxc6+ Ke7 45. Rc7+ Ke8 46. Rc8+ Kd7 47. Rg8 g6 48. Rh8 Rxa3 49. Rxh6 Rc3 50. Rh8 Rc8 51. Rh4 Ra8 52. Rb4 a3 53. Rb1 a2 54. Ra1 Kc6 55. g4 Kc5 56. h4 Kb4 57. h5 gxh5 58. gxh5 Kb3 59. Kg3 Kb2 60. Rxa2+ Kxa2 61. Kg4 Rg8+ 62. Kf5 Kb3 63. f4 Kc4 64. Kf6 Rh8 65. Kxf7 Rxh5 66. Kg6 Rh1 67. f5 Kd5 68. f6 Ke6 69. f7 Rg1+ 70. Kh7 Kxf7 0-1


[Site "https://www.chess.com"]

[Event "Titled Tuesday Blitz April 12 Late 2022"]
[White "Bilan, Danila"]
[Black "Romero Ruscalleda, Josep"]
[WhiteFideId "24161918"]
[BlackFideId "2231859"]
[WhiteElo "2164"]
[BlackElo "2314"]
[Result "1-0"]
[Round "05"]
[TimeControl "180+1"]
[Date "2022.04.13"]
[WhiteClock "0:00:15"]
[BlackClock "0:00:01"]

1. d4 g6 2. Nf3 Bg7 3. Bg5 d6 4. c3 Nd7 5. Nbd2 b6 6. e4 Bb7 7. Qc2 Ngf6 8. Bc4 O-O 9. O-O a6 10. a4 d5 11. exd5 Bxd5 12. Rfe1 Bxc4 13. Nxc4 h6 14. Bh4 Re8 15. Rad1 Nf8 16. Nce5 g5 17. Bg3 e6 18. h4 Nh5 19. Bh2 gxh4 20. Re4 Ng6 21. Nxg6 fxg6 22. Rxh4 Qf6 23. Bxc7 Rac8 24. Be5 Qf7 25. Rg4 g5 26. Re1 Qf5 27. Rge4 Bxe5 28. Nxe5 Rf8 29. Qe2 Nf4 30. Qg4 Qxg4 31. Nxg4 Kg7 32. g3 1-0


[Site "https://www.chess.com"]

[Event "Titled Tuesday Blitz April 12 Late 2022"]
[White "Bluebaum, Matthias"]
[Black "Papasimakopoulos, Alexandros"]
[WhiteFideId "24651516"]
[BlackFideId "4244125"]
[WhiteElo "2550"]
[BlackElo "2340"]
[Result "1-0"]
[Round "05"]
[TimeControl "180+1"]
[Date "2022.04.12"]
[WhiteClock "0:02:54"]
[BlackClock "0:01:16"]

1. d4 e6 2. c4 Nf6 3. Nc3 Bb4 4. e3 O-O 5. Bd2 b6 6. Bd3 Bb7 7. Nf3 Bxc3 8. Bxc3 Ne4 9. Bxe4 Bxe4 10. d5 c5 11. Nd2 Bg6 12. h4 h6 13. Qg4 h5 14. Qf3 exd5 15. cxd5 d6 16. g4 hxg4 17. Qxg4 Qc8 18. Qg3 Qf5 19. h5 Qxd5 20. e4 Re8 21. hxg6 Rf8 1-0


[Site "https://www.chess.com"]

[Event "Titled Tuesday Blitz April 12 Late 2022"]
[White "Broca Jimenez, Fernando"]
[Black "Koelle, Tobias"]
[WhiteFideId "5104742"]
[BlackFideId "16207378"]
[WhiteElo "2062"]
[BlackElo "2541"]
[Result "0-1"]
[Round "05"]
[TimeControl "180+1"]
[Date "2022.04.13"]
[WhiteClock "0:00:14"]
[BlackClock "0:01:04"]

1. e4 c6 2. d4 d5 3. Nc3 dxe4 4. Nxe4 g6 5. Nf3 Nf6 6. Bd3 Bg7 7. h3 O-O 8. O-O a5 9. Bg5 Na6 10. c3 Be6 11. Qd2 b5 12. Bh6 Bd5 13. Bxg7 Kxg7 14. Nxf6 exf6 15. Qf4 Qb8 16. Qg4 Qd6 17. Nh4 Kh8 18. Rfe1 Rae8 19. Nf5 Qd7 20. Nh6 Qxg4 21. Nxg4 Kg7 22. b3 Nc7 23. Ne3 Be6 24. f4 f5 25. Kf2 Ra8 26. g4 fxg4 27. hxg4 f6 28. f5 Bf7 29. Re2 Rfe8 30. Ng2 g5 31. Ne3 h5 32. Ree1 h4 33. Nf1 Rxe1 34. Rxe1 Nd5 35. c4 Nf4 36. Bc2 Rd8 37. cxb5 cxb5 38. Ne3 Rxd4 39. Rd1 Rxd1 40. Bxd1 Kf8 41. Bf3 Ke7 42. Ke1 Kd6 43. Kd2 Kc5 44. Kc3 b4+ 45. Kd2 a4 46. bxa4 Bxa2 47. a5 Kb5 48. Nc2 Kxa5 49. Nd4 Bf7 50. Nc6+ Kb5 51. Nd8 Bd5 52. Bxd5 Nxd5 53. Ne6 h3 54. Nd4+ Kc4 55. Nf3 b3 56. Kc1 Kc3 57. Ne1 h2 58. Kb1 h1=Q 0-1


[Site "https://www.chess.com"]

[Event "Titled Tuesday Blitz April 12 Late 2022"]
[White "Cabarkapa, Novak"]
[Black "Le Goff, Ronan"]
[WhiteFideId "943746"]
[BlackFideId "612073"]
[WhiteElo "2443"]
[BlackElo "2276"]
[Result "1-0"]
[Round "05"]
[TimeControl "180+1"]
[Date "2022.04.13"]
[WhiteClock "0:00:52"]
[BlackClock "0:01:00"]

1. h4 d5 2. h5 h6 3. a4 Nf6 4. a5 a6 5. e3 e5 6. d4 e4 7. c4 c6 8. Nc3 Bd6 9. Be2 O-O 10. Bd2 Be6 11. Nh3 Nh7 12. g3 Nd7 13. Nf4 Ndf6 14. Nxe6 fxe6 15. Qb3 Rf7 16. Na4 Ng5 17. O-O-O dxc4 18. Bxc4 Nd5 19. Nc5 b5 20. axb6 Rb8 21. Ba5 Rxf2 22. Rhf1 Qf6 23. Nd7 Qf3 24. Nxb8 Bxb8 25. Rxf2 Qxf2 26. Bxd5 exd5 27. Qc2 Qxe3+ 28. Bd2 Qxd4 29. Bxg5 hxg5 30. Rxd4 1-0


[Site "https://www.chess.com"]

[Event "Titled Tuesday Blitz April 12 Late 2022"]
[White "Caruana, Fabiano"]
[Black "Santos Ruiz, Miguel"]
[WhiteFideId "2020009"]
[BlackFideId "22291482"]
[WhiteElo "2744"]
[BlackElo "2486"]
[Result "1-0"]
[Round "05"]
[TimeControl "180+1"]
[Date "2022.04.12"]
[WhiteClock "0:00:12"]
[BlackClock "0:00:05"]

1. e4 e5 2. Nf3 Nc6 3. Bb5 Nf6 4. O-O Nxe4 5. Re1 Nd6 6. Nxe5 Be7 7. Bf1 Nxe5 8. Rxe5 O-O 9. Nc3 Ne8 10. Nd5 Bd6 11. Re1 c6 12. Ne3 Be7 13. Nf5 Bg5 14. d3 d5 15. Qf3 Bxf5 16. Qxf5 Bxc1 17. Raxc1 Nf6 18. c4 Qb6 19. b3 Rfe8 20. g3 Qa5 21. Rxe8+ Rxe8 22. cxd5 Qxd5 23. Qxd5 Nxd5 24. a3 g6 25. Bg2 Nc7 26. d4 Rd8 27. Rd1 Nb5 28. d5 Nc3 29. Rd3 Nxd5 30. b4 a6 31. a4 Kf8 32. b5 axb5 33. axb5 Ke7 34. bxc6 bxc6 35. h4 h5 36. Ra3 Kd6 37. Ra7 Rd7 38. Ra8 Rc7 39. Bf3 Nf6 40. Be2 Kd5 41. Kg2 c5 42. Ra6 Ne8 43. Bf3+ Ke5 44. Ra5 Nd6 45. Kf1 Ke6 46. Ke2 c4 47. Kd2 Rc8 48. Kc3 Rb8 49. Bd5+ Kf6 50. Kd4 Rb2 51. Ra6 Ke7 52. Ra7+ Kd8 53. Kc5 Nf5 54. Bxc4 Rxf2 55. Rxf7 Rf3 56. Be6 Nxh4 57. Rd7+ Ke8 58. gxh4 Rf4 59. Rh7 Rxh4 60. Kd6 Rd4+ 61. Bd5 Kf8 62. Rf7+ Ke8 63. Rg7 1-0


[Site "https://www.chess.com"]